 Dungeon Crawl Stone Soup version 0.31.0-12-g77e489cdc1 (webtiles) character file.

Game seed: 5492313388787092989

105 Doomgape the Shield-Bearer (level 4, 0/29 HPs)
             Began as a Gargoyle Fighter on Feb 12, 2024.
             Incinerated by a bombardier beetle (1 damage)
             ... with a burning spray
             ... on level 3 of the Dungeon.
             The game lasted 00:03:25 (1552 turns).

Doomgape the Shield-Bearer (Gargoyle Fighter)       Turns: 1552, Time: 00:03:26

Health: 0/29       AC: 14    Str: 22    XL:     4   Next: 83%
Magic:  4/4        EV:  8    Int:  8    God:
Gold:   83         SH:  4    Dex:  9    Spells: 3/3 levels left

rFire   + . .        a - +0 flail
rCold   + . .        c - +0 buckler
rNeg    + . .        e - +0 chain mail
rPois   ∞            (no helmet)
rElec   +            i - +0 cloak
rCorr   +            (no gloves)
SInv    .            (no boots)
Will    .....        (no amulet) Stlth
                     (no ring)
HPRegen 0.24/turn    (no ring)
MPRegen 0.09/turn

%: no passive effects
@: on fire, resistant, glowing
A: sickness immunity, AC +3, negative energy resistance 1, electricity
resistance, torment resistance 1, petrification resistance
a: no special abilities


You were on level 3 of the Dungeon.
You visited 1 branch of the dungeon, and saw 3 of its levels.

You collected 83 gold pieces.

Inventory:

Hand Weapons
 a - a +0 flail (weapon)
Armour
 c - a +0 buckler (worn)
 e - a +0 chain mail (worn)
 i - a +0 cloak (worn)
Jewellery
 f - an amulet of the acrobat
 j - a ring of wizardry
Scrolls
 b - a scroll of poison {unknown}
 g - a scroll of identify
 h - a scroll of teleportation {unknown}
Potions
 d - 2 potions of might


   Skills:
 + Level 4.0 Fighting
 + Level 2.9 Maces & Flails
 + Level 4.1 Armour
 + Level 4.1 Shields


You had 3 spell levels left.
You didn't know any spells.
Your spell library contained the following spells:

 Spells                   Type           Power      Damage    Failure   Level
 Ensorcelled Hibernation  Hex/Ice        0%         N/A       99%         2
 Fugue of the Fallen      Necr           0%         N/A       100%        3
 Anguish                  Hex/Necr       0%         N/A       100%        4


Dungeon Overview and Level Annotations

Branches:
Dungeon (3/15)

Altars:


Innate Abilities, Weirdness & Mutations

You are immune to sickness and miasma.
Your stone body is resilient. (AC +3)
You are immune to poison.
You resist negative energy. (rN+)
You are resistant to electric shocks. (rElec)
You are resistant to unholy torment.
You are immune to petrification.


Message History

You barely miss the bombardier beetle.
The bombardier beetle is moderately wounded.
The liquid fire burns you!
The bombardier beetle sprays incendiary fluid at you.
The burning spray hits you.
You are even more covered in liquid fire!
You are too injured to fight recklessly!
You thump the bombardier beetle!
The bombardier beetle is almost dead.
The liquid fire burns you!
* * * LOW HITPOINT WARNING * * *
The bombardier beetle sprays incendiary fluid at you.
The burning spray hits you.
You are even more covered in liquid fire!
It was a potion of curing.
You feel better. The liquid fire burns you!
You barely miss the bombardier beetle.
The bombardier beetle is almost dead.
The liquid fire burns you!
* * * LOW HITPOINT WARNING * * *
The bombardier beetle closely misses you.
It was a potion of resistance.
You feel protected. The liquid fire burns you!
* * * LOW HITPOINT WARNING * * *
The bombardier beetle barely misses you.
You hit the bombardier beetle but do no damage.
The bombardier beetle is almost dead.
The liquid fire burns you!
* * * LOW HITPOINT WARNING * * *
You sock the bombardier beetle!
You kill the bombardier beetle!
The liquid fire burns you!
* * * LOW HITPOINT WARNING * * *
Your Fighting skill increases to level 4!
Your Armour skill increases to level 4!
Found a stone staircase leading down.
You shake off some of the fire as you move.
The liquid fire burns you!
You die...

.# ##.
.########.###...
..<............
##.............
####..............
.................>
#...........>..
#......@.......
#..............
##.............
##...<........
#############


There were no monsters in sight!

Vanquished Creatures
  A bombardier beetle (D:3)
  3 adders (D:2)
  2 dart slugs (D:1)
  5 ball pythons
  6 endoplasms
  4 giant cockroaches
  4 hobgoblins
  2 quokkas (D:2)
  4 bats
  3 frilled lizards
  5 goblins
  3 kobolds
  2 rats (D:2)
44 creatures vanquished.

Notes
Turn   | Place    | Note
-------+----------+-------------------------------------------
     0 | D:1      | Doomgape the Gargoyle Fighter began the quest for the Orb.
     0 | D:1      | Reached XP level 1. HP: 14/14 MP: 1/1
     6 | D:1      | Noticed an imperial myrmidon
     6 | D:1      | Noticed a brain worm
     6 | D:1      | Noticed a komodo dragon
     7 | D:1      | Noticed a yaktaur captain
   101 | D:1      | Reached XP level 2. HP: 19/19 MP: 2/2
   339 | D:1      | Reached XP level 3. HP: 23/23 MP: 3/3
  1143 | D:2      | Reached XP level 4. HP: 29/29 MP: 4/4
  1551 | D:3      | HP: 1/29 [burnt (2)]
  1552 | D:3      | Incinerated by a bombardier beetle

Illustrated notes

Levels and vault maps discovered:
D:1:      onia_arrival_zoo_common, layout_basic, minmay_circled_x
D:2:      layout_basic, nicolae_figureground_pulse
D:3:      layout_rooms, shapermc_ecumenical_altar_ellora,
          minmay_misc_feat_nine_boxes, minmay_vboxes

Skill      XL: |  1  2  3  4 |
---------------+-------------+-----
Shields        | 4 |  4.1
Fighting       | 4 |  4.0
Armour         | 4 |  4.1
Maces & Flails | |  2.9

Action                     |  1- 3 |  4- 6 || total
---------------------------+-------+-------++-------
  Melee: Flail             |   103 |    42 ||   145
    Use: Scroll            |     1 |       ||     1
         Potion            |       |     2 ||     2
 Armour: Scale mail        |     7 |       ||     7
         Chain mail        |   104 |    25 ||   129
  Dodge: Dodged            |    55 |    13 ||    68
  Block: Buckler           |    26 |     9 ||    35
